Namely, chaotic female vampiric Wizard @ S ---.- ------S- |.... |.....{| |...| |.....S-#####.)... . |......| #.....# ---+---- |...|# # #### |...|## ####%#%#### -.---# ### # # # # ##### *%#########%############ ##### # # #------------# # # # ------ ---.- # ####|........... ### # ###|....| |...| # ###|..........| #-----# #-....| --.----- |...-##### ########*##...........| #|...|# |.....#### |....|.| |>..| # #---.-### ------------ #|...-# ------ # |......| |....#######|....# #..^.| ##....%..| ----- #-...| ----- |..%%..| |....##### |.....[| |.(.| -------- ----- Namely the Thaumaturge Experience level: 8 Strength: 9 Dexterity: 14 Constitution: 20 Intelligence: 18 Wisdom: 10 Charisma: 9 Health: 0(83) Energy: 92(122) AC: 2 Gold: 1573 Moves: 3571 Your Inventory: Coins $ - 1573 gold pieces Weapons a - a blessed +1 quarterstaff (weapon in hands) Armor b - an uncursed burnt +0 cloak of magic resistance (being worn) p - an uncursed +0 orcish helm C - an [uncursed] +0 orcish helm (being worn) G - an [uncursed] +0 studded leather armor (being worn) M - a cursed +0 pair of hard shoes [iron] (being worn) Scrolls s - a cursed scroll of enchant armor Spellbooks k - an uncursed spellbook of light Rings d - an uncursed +2 ring of protection (on right hand) e - an uncursed ring of poison resistance (on left hand) Wands c - an uncursed wand of striking (0:0) S - an [uncursed] wand of digging [0:3] Tools l - an [uncursed] tin opener t - an [uncursed] key [skeleton key] H - an [uncursed] key [skeleton key] K - an uncursed magic marker (0:43) N - an [uncursed] looking glass [mirror] Gems z - 2 [uncursed] yellowish brown gems [worthless glass] P - an [uncursed] blue gem [worthless glass] Spells known in the end: Name Level Category Fail Memory a - force bolt 1 attack 4% [|||||||.] b - light 1 divination 4% [|||||||.] c - remove curse 3 clerical 91% [||||||||] Your skills at the end: Fighting Skills Weapon Skills quarterstaff [Basic / Expert] Spellcasting Skills attack spells [Basic / Expert] enchantment spells [Basic / Skilled] Final Attributes: You were piously aligned. Hunger level was 134. Your alignment was 27 / 27. Monster difficulty range was 1 - 7. Level difficulty was 7. You were immune to poison. You were immune to level-drain. You were magic-protected. You could recognize detrimental food. You were confused. You could fly. You could survive without air. You regenerated. You were protected. Your luck was zero. You are dead. Vanquished creatures: a large mimic a water elemental a small mimic a tengu a lynx a leprechaun a vampire bat an orc mummy a dwarf lord a snake an imp a mountain nymph a rock piercer a rock mole 2 ponies a fog cloud 2 violet fungi a gnomish wizard 2 giant ants a floating eye 6 rothes a giant bat 3 iguanas 7 killer bees 2 acid blobs 2 coyotes a hobbit a large kobold 2 hobgoblins a giant rat a yellow mold a red mold 5 garter snakes a gecko 5 jackals a fox 2 goblins a sewer rat 3 grid bugs a bat 3 lichens a kobold zombie 5 newts 79 creatures vanquished. Voluntary challenges: You used a wielded weapon 107 times. You read items or engraved 11 times. You put on armor 11 times. You never genocided any monsters. You never polymorphed an object. You changed form 1 time. You used no wishes. You never wrote Elbereth's name. You never encountered a bones level. You never used any Sokoban shortcuts. Dungeon overview: The Dungeons of Doom: levels 1 to 7 Level 1 a long staircase Level 2 a general store a long staircase Level 4 a general store Level 7 <- You were here a fountain History has recorded: On T:1 you entered the Dungeons of Doom to retrieve the Amulet of Yendor! On T:724 you advanced to experience level 2. On T:761 you reached level 2 of The Dungeons of Doom. On T:841 you advanced to experience level 3. On T:935 you advanced to experience level 4. On T:1125 you reached level 3 of The Dungeons of Doom. On T:1232 you advanced to experience level 5. On T:1399 you reached level 4 of The Dungeons of Doom. On T:1880 you advanced to experience level 6. On T:2174 you reached level 5 of The Dungeons of Doom. On T:2211 you advanced to experience level 7. On T:2541 you reached level 6 of The Dungeons of Doom. On T:3071 you reached level 7 of The Dungeons of Doom. On T:3079 you advanced to experience level 8. Latest messages: The water moccasin bites! (4x) You hear water falling on coins. [HP-15=41] R - a sky blue potion (in quiver). Huh, What? Where am I? The water moccasin bites! (7x) The water moccasin just misses! [HP-23=18] The water moccasin bites! (4x) [HP-14=4] The water moccasin misses. [HP+1=5] [HP+1=6] The water moccasin bites! [HP-2=4] You miss the water moccasin. (2x) The water moccasin bites! You die... Final status: Goodbye Namely the Wizard... You died in The Dungeons of Doom on dungeon level 7 with 7046 points, and 1573 pieces of gold, after 3571 moves. You were level 8 with a maximum of 83 hit points when you died.